 Dungeon Crawl Stone Soup version 0.28.0-1-gb440e238dd (webtiles) character file.

Game seed: 10988347646175008328

36 Ablot the Grasshopper (level 3, 0/31 HPs)
             Began as a Gnoll Warper on Feb 24, 2022.
             Slain by an iguana (8 damage)
             ... on level 2 of the Dungeon.
             The game lasted 00:01:28 (1122 turns).

Ablot the Grasshopper (Gnoll Warper)                Turns: 1122, Time: 00:01:28

Health: 0/31       AC:  3    Str: 12    XL:     3   Next: 37%
Magic:  9/9        EV: 12    Int: 12    God:
Gold:   41         SH:  0    Dex: 11    Spells: 10/12 levels left

rFire   . . .      SeeInvis .   a - +0 spear
rCold   . . .      Faith    .   (no shield)
rNeg    . . .      Spirit   .   b - +0 leather armour
rPois   .          Reflect  .   (no helmet)
rElec   .          Harm     .   (no cloak)
rCorr   .          Rampage  .   (no gloves)
Will    .....                   (no boots)
Stlth   +.........              (no amulet)
HPRegen 0.10/turn               (no ring)
MPRegen 0.11/turn               (no ring)

@: no status effects
A: fangs 1, strong nose, distributed training
a: no special abilities


You were on level 2 of the Dungeon.
You visited 1 branch of the dungeon, and saw 2 of its levels.

You collected 41 gold pieces.

Inventory:

Hand Weapons
 a - a +0 spear (weapon)
 m - a +0 hunting sling
Missiles
 d - 5 boomerangs of dispersal (quivered)
Armour
 b - a +0 leather armour (worn)
Magical Staves
 g - a staff of death
 h - a staff of conjuration
Scrolls
 c - a scroll of blinking
 e - a scroll of enchant weapon {unknown}
 f - a scroll of fog {unknown}
 k - 2 scrolls of enchant armour {unknown}
Potions
 i - a potion of curing {unknown}
 j - 2 potions of heal wounds {unknown}
 l - a potion of lignification {unknown}


   Skills:
 + Level 4.5 Fighting
 + Level 0.7 Short Blades
 + Level 0.7 Long Blades
 + Level 0.7 Axes
 + Level 0.7 Maces & Flails
 + Level 4.5 Polearms
 + Level 0.7 Staves
 + Level 0.7 Slings
 + Level 0.7 Bows
 + Level 0.7 Crossbows
 + Level 2.6 Throwing
 + Level 2.6 Armour
 + Level 4.5 Dodging
 + Level 0.7 Stealth
 + Level 0.7 Shields
 + Level 0.7 Unarmed Combat
 + Level 5.0 Spellcasting
 + Level 0.5 Conjurations
 + Level 0.5 Hexes
 + Level 0.5 Summonings
 + Level 0.5 Necromancy
 + Level 5.4 Translocations
 + Level 0.5 Transmutations
 + Level 0.5 Fire Magic
 + Level 0.5 Ice Magic
 + Level 0.5 Air Magic
 + Level 0.5 Earth Magic
 + Level 0.5 Poison Magic
 + Level 0.9 Invocations
 + Level 0.7 Evocations


You had 10 spell levels left.
You knew the following spells:

 Your Spells              Type           Power      Damage    Failure   Level
a - Blink                 Tloc           32%        N/A       4%          2

Your spell library contained the following spells:

 Spells                   Type           Power      Damage    Failure   Level
 Gell's Gravitas          Tloc           16%        N/A       9%          3
 Lesser Beckoning         Tloc           16%        N/A       9%          3
 Teleport Other           Tloc           16%        N/A       9%          3
 Manifold Assault         Tloc           16%        N/A       58%         5
 Dispersal                Tloc           8%         N/A       99%         6
 Disjunction              Tloc           8%         N/A       100%        8


Dungeon Overview and Level Annotations

Branches:
Dungeon (2/15)

Altars:


Innate Abilities, Weirdness & Mutations

You have very sharp teeth.
Your uncanny sense of smell can sniff out nearby items.
Your experience applies equally to all skills.


Message History

No target in view!
You now have 25 gold pieces (gained 8).
You now have 41 gold pieces (gained 16).
A dart slug comes into view.
Found 11 gold pieces.
The iguana hisses angrily.
The dart slug launches a dart at you. The slug dart hits you.
Found an escape hatch in the ceiling.
You hit the iguana.
The iguana is lightly wounded.
The iguana barely misses you.
You barely miss the iguana. You bite the iguana, but do no damage.
The iguana is lightly wounded.
The iguana bites you. The dart slug launches a dart at you.
The slug dart misses you.
You closely miss the iguana.
The iguana is lightly wounded.
The iguana misses you.
You hit the iguana but do no damage.
The iguana is lightly wounded.
The dart slug launches a dart at you. The slug dart hits you.
The iguana bites you!
You are too injured to fight recklessly!
You are too injured to fight recklessly!
You are too injured to fight recklessly!
You are too injured to fight recklessly!
You hit the iguana.
The iguana is moderately wounded.
You closely miss the iguana.
The iguana is moderately wounded.
The iguana bites you. The dart slug launches a dart at you.
The slug dart hits you.
* * * LOW HITPOINT WARNING * * *
You hit the iguana but do no damage.
The iguana is moderately wounded.
The iguana bites you!
You die...

#.................##..#..
##.......................
# ##................#####
. #####............## ###
#........<.....## #..
#...##...........# #..
#.#.##...........####..
#...##.................
#.....@.#.....##.###...
.......l........#...†...
.#................##<...
#.........w.......####...
........(........ #....
...$............. #.....
.................#......
...<........... #......
#..>...


You could see an iguana and a dart slug.

Vanquished Creatures
  An adder (D:1)
  A dart slug (D:1)
  4 ball pythons (D:1)
  4 endoplasms
  4 giant cockroaches
  A hobgoblin (D:2)
  A quokka (D:1)
  4 bats (D:1)
  2 frilled lizards (D:1)
  A rat (D:1)
23 creatures vanquished.

Notes
Turn   | Place    | Note
-------+----------+-------------------------------------------
     0 | D:1      | Ablot the Gnoll Warper began the quest for the Orb.
     0 | D:1      | Reached XP level 1. HP: 20/20 MP: 6/6
   248 | D:1      | Reached XP level 2. HP: 26/26 MP: 7/7
   254 | D:1      | Learned a level 2 spell: Blink
   309 | D:1      | Found a faded altar of an unknown god.
   960 | D:2      | Reached XP level 3. HP: 30/31 MP: 9/9
   964 | D:2      | Reached skill level 5 in Spellcasting
  1122 | D:2      | Slain by an iguana

Illustrated notes

Levels and vault maps discovered:
D:1:      onia_arrival_mini_spirals, layout_basic, ebering_ecumenical_altar_mist
D:2:      layout_rooms

Skill      XL: |  1  2  3 |
---------------+----------+-----
Spellcasting   | 5 |  5.0
Fighting       | |  4.5
Short Blades   | |  0.7
Long Blades    | |  0.7
Axes           | |  0.7
Maces & Flails | |  0.7
Polearms       | |  4.5
Staves         | |  0.7
Slings         | |  0.7
Bows           | |  0.7
Crossbows      | |  0.7
Throwing       | |  2.6
Armour         | |  2.6
Dodging        | |  4.5
Stealth        | |  0.7
Shields        | |  0.7
Unarmed Combat | |  0.7
Conjurations   | |  0.5
Hexes          | |  0.5
Summonings     | |  0.5
Necromancy     | |  0.5
Translocations | |  5.4
Transmutations | |  0.5
Fire Magic     | |  0.5
Ice Magic      | |  0.5
Air Magic      | |  0.5
Earth Magic    | |  0.5
Poison Magic   | |  0.5
Invocations    | |  0.9
Evocations     | |  0.7

Action                   || total
-------------------------++-------
Melee: Spear             ||    89
       Bite              ||     8
 Cast: Blink             ||     1
 Stab: Sleeping          ||     2
Armor: Leather armour    ||    29
Dodge: Dodged            ||    54
